 Dungeon Crawl Stone Soup version 0.23-a0-169-gb21e69520c (webtiles) character file.

793 PikkenKukken the Insei (level 7, -3/55 HPs)
             Began as a Demonspawn Monk on Sept 12, 2018.
             Slain by Edmund
             ... wielding a +4 flail of venom
              (5 damage)
             ... on level 5 of the Dungeon.
             The game lasted 00:07:33 (5065 turns).

PikkenKukken the Insei (Demonspawn Monk)            Turns: 5065, Time: 00:07:33

Health: -3/55      AC: 10    Str: 14    XL:     7   Next: 57%
Magic:  7/7        EV: 12    Int: 11    God:
Gold:   318        SH:  0    Dex: 15    Spells: 6/6 levels left

rFire    . . .     SeeInvis +     - Unarmed
rCold    . . .     Gourm    .   (no shield)
rNeg     . . .     Faith    .   e - +0 chain mail
rPois    .         Spirit   .   (helmet unavailable)
rElec    .         Reflect  .   (no cloak)
rCorr    .         Harm     .   (no gloves)
MR       .....                  i - +0 pair of boots
Stlth    ..........             (no amulet)
HPRegen  0.18/turn              q - +5 ring of evasion
MPRegen  0.10/turn              (no ring)

@: lethally poisoned (-3 -> -24)
A: antennae 3, demonic guardian 1
a: no special abilities


You were on level 5 of the Dungeon.
You were not hungry.

You visited 1 branch of the dungeon, and saw 5 of its levels.

You collected 318 gold pieces.

Inventory:

Armour
 e - a +0 chain mail (worn)
 i - a +0 pair of boots (worn)
Jewellery
 d - an uncursed ring of flight
 q - a +5 ring of evasion (left hand)
Scrolls
 a - a scroll of remove curse
 g - 3 scrolls of teleportation
 j - 2 scrolls of identify
 k - 4 scrolls of magic mapping
 l - 2 scrolls of random uselessness
 m - 2 scrolls of amnesia
Potions
 c - a potion of might
 f - 3 potions of haste
 h - a potion of mutation
 n - a potion of ambrosia {unknown}
 p - a potion of heal wounds
 r - a potion of resistance {unknown}
 s - a potion of brilliance {unknown}
Comestibles
 b - 9 rations
 o - 8 chunks of flesh


   Skills:
 + Level 4.7 Fighting
 * Level 4.7 Armour
 - Level 2.6 Dodging
 - Level 1.7 Stealth
 * Level 5.6 Unarmed Combat


You had 6 spell levels left.
You didn't know any spells.
Your spell library was empty.

Dungeon Overview and Level Annotations

Branches:
Dungeon (5/15)
 Temple: D:4-7

Altars:
Kikubaaqudgha

Annotations:
D:5 Edmund


Innate Abilities, Weirdness & Mutations

You have a pair of large antennae on your head. (SInv)
A weak demonic guardian rushes to your aid.


Message History

* * * LOW HITPOINT WARNING * * *
You feel very sick. Edmund closely misses you.
You barely miss Edmund.
Edmund is severely wounded.
* * * LOW HITPOINT WARNING * * *
You feel sick. Edmund barely misses you.
You barely miss Edmund.
Edmund is severely wounded.
* * * LOW HITPOINT WARNING * * *
You feel sick. Edmund closely misses you.
Your chain mail prevents you from hitting Edmund.
Edmund is severely wounded.
* * * LOW HITPOINT WARNING * * *
You feel sick.
You hit Edmund.
Edmund is severely wounded.
* * * LOW HITPOINT WARNING * * *
You feel sick. Edmund hits you with a flail of venom.
You die...

#.......####........#
#.......# ##...#####
#############..###
#..........#
#..........#
#.......h..#
####.Z##Z### .....
#@# ##... #@#
#..%#.55.# .........#
####(#....# ...#....#
### #....# #....#
#....#


You could see Edmund, a hound, a quokka zombie, a friendly iron imp and a
friendly white imp.

Vanquished Creatures
  Grinder (D:4)
  2 hounds
  2 orc wizards (D:3)
  A worker ant (D:5)
  2 hound skeletons (D:4)
  5 adders
  An adder skeleton (D:4)
  2 worms
  A dart slug (D:2)
  3 leopard geckos
  9 orcs
  5 bats
  10 giant cockroaches
  11 hobgoblins
  4 jackals (D:1)
  3 quokkas
  A ball python (D:2)
  3 frilled lizards
  12 goblins
  7 kobolds
  A leopard gecko skeleton (D:4)
  9 rats
95 creatures vanquished.

Vanquished Creatures (collateral kills)
  Eustachio (D:4)
  An ice beast (D:2)
  An ogre (D:5)
  Blork the orc (D:4)
  A scorpion (D:4)
  A hound (D:4)
  An orc wizard (D:3)
  A quokka (D:5)
  A bat (D:3)
9 creatures vanquished.

Vanquished Creatures (others)
  A human (D:4)
1 creature vanquished.

Grand Total: 105 creatures vanquished

Notes
Turn   | Place    | Note
-------+----------+-------------------------------------------
     0 | D:1      | PikkenKukken the Demonspawn Monk began the quest for the
                  | Orb.
     0 | D:1      | Reached XP level 1. HP: 18/18 MP: 1/1
   544 | D:1      | Gained mutation: A weak demonic guardian rushes to your
                  | aid. [demonic ancestry]
   544 | D:1      | Reached XP level 2. HP: 24/24 MP: 2/2
   600 | D:1      | Reached skill level 3 in Unarmed Combat
   613 | D:1      | Reached skill level 1 in Armour
   967 | D:1      | Gained mutation: You have a pair of small antennae on your
                  | head. [demonic ancestry]
   967 | D:1      | Reached XP level 3. HP: 29/29 MP: 3/3
  1354 | D:2      | Found a faded altar of an unknown god.
  1955 | D:2      | Reached XP level 4. HP: 34/35 MP: 4/4
  2910 | D:3      | Noticed an ice beast
  2930 | D:3      | Gained mutation: You have a pair of antennae on your head.
                  | [demonic ancestry]
  2930 | D:3      | Reached XP level 5. HP: 40/41 MP: 5/5
  2952 | D:2      | HP: 1/41 [ice beast (13)]
  2959 | D:2      | Killed an ice beast
  2959 | D:2      | Reached skill level 4 in Unarmed Combat
  3448 | D:4      | Noticed Blork the orc
  3459 | D:4      | Killed Blork the orc
  3459 | D:4      | Reached XP level 6. HP: 36/48 MP: 6/6
  3618 | D:4      | Found an ancient bone altar of Kikubaaqudgha.
  3634 | D:4      | Noticed a human
  3635 | D:4      | Killed a human
  3716 | D:4      | Noticed Eustachio
  3751 | D:4      | Killed Eustachio
  3751 | D:4      | Reached skill level 5 in Unarmed Combat
  4266 | D:4      | Noticed Grinder
  4274 | D:4      | Killed Grinder
  4274 | D:4      | Gained mutation: You have a pair of large antennae on your
                  | head. (SInv) [demonic ancestry]
  4274 | D:4      | Reached XP level 7. HP: 55/55 MP: 7/7
  4845 | D:5      | Entered Level 5 of the Dungeon
  5020 | D:5      | Noticed Edmund
  5065 | D:5      | HP: 2/55 [poisoned by Edmund]
  5065 | D:5      | Slain by Edmund

Vault maps used:
D:1:      scummos_arrival_simple_crosswalls
D:2:      chequers_ecumenical_altar_simple, skrybe_limestone_x
D:4:      tgw_kikubaaqudgha, uniq_blork_the_orc, uniq_eustachio, uniq_grinder
D:5:      first_ration, minmay_crystal_room, hangedman_decor_lopped,
          palyth_stone_intersect, uniq_edmund, uniq_pikel

Skill      XL: |  1  2  3  4  5  6 |
---------------+-------------------+-----
Unarmed Combat | 3 4 5 |  5.6
Armour         | 1 2 3 4 |  4.7
Fighting       | 4 |  4.7
Dodging        | |  2.6
Stealth        | |  1.7

Action                   |  1- 3 |  4- 6 |  7- 9 || total
-------------------------+-------+-------+-------++-------
Melee: Unarmed           |   195 |   306 |    72 ||   573
       Punch             |       |     4 |       ||     4
  Use: Scroll            |     9 |     3 |     1 ||    13
       Potion            |     1 |     2 |     1 ||     4
 Stab: Sleeping          |     1 |       |       ||     1
       Distracted        |       |     2 |       ||     2
  Eat: Chunk             |     3 |     7 |     4 ||    14
Armor: Chain mail        |    97 |   286 |    23 ||   406
       Robe              |     2 |       |       ||     2
Dodge: Dodged            |    73 |   152 |    31 ||   256

Table legend:
 A = Non-vault XP
 B = Vault XP
 C = Vault XP percentage of total XP
 D = Non-vault monster count
 E = Vault monster count
 F = Vault count percentage of total count
                 A         B        C        D         E       F
            +---------+---------+-------+---------+---------+-------
      Total |     718 |     415 |  36.6 |     101 |       3 |   2.9
            +---------+---------+-------+---------+---------+-------
        D:1 |      49 |       0 |   0.0 |      28 |       0 |   0.0
        D:2 |     171 |       0 |   0.0 |      37 |       0 |   0.0
        D:3 |     140 |       0 |   0.0 |      17 |       0 |   0.0
        D:4 |     186 |     415 |  69.1 |      13 |       3 |  18.8
        D:5 |     172 |       0 |   0.0 |       6 |       0 |   0.0
            +---------+---------+-------+---------+---------+-------
